 Dungeon Sprint DCSS version 0.23.2 (webtiles) character file.

Game seed: 11353128554545456800

4271980 1492 the Grand Master (level 27, 152/224 HPs)
             Began as an Octopode Transmuter on Apr 9, 2019.
             Was an Initiate of Gozag.
             Escaped with the Orb!
             The game lasted 01:40:15 (6309 turns).

1492 the Grand Master (Octopode Transmuter)         Turns: 6309, Time: 01:40:15

Health: 152/224    AC:  0    Str: 21    XL:     27
Magic:  27/54      EV: 51    Int: 26    God:    Gozag
Gold:   65606      SH: 28    Dex: 29    Spells: 2/80 levels left

rFire    + + +     SeeInvis +     - Unarmed
rCold    + + +     Gourm    .   J - +1 large shield of the Buccaneer {Dex+4}
rNeg     + . .     Faith    .   C - +2 hat {Int+3}
rPois    +         Spirit   .   w - amulet of Fedhas's Esteem {rElec rF+ Regen+}
rElec    +         Reflect  .   m - ring "Uvenkiu" {MR+ Int+3 Slay+3 SInv}
rCorr    .         Harm     .   A - ring "Tutroca" {*Corrode rPois rF++ MR+ EV+6}
MR       +++++     Clarity  +   (no ring) Stlth ++........NoTele +
                                (no ring)
HPRegen  1.27/turn              r - ring "Butzunga" {AC+5 Dex+4}
MPRegen  0.34/turn              s - ring "Ylidic" {+Inv rF+ MR+ Str+2}
                                t - ring "Feneema" {+Blink rPois rC+++ MR+ Dex-4}
                                z - ring of Pets {*Corrode rElec rC+ rN+ Str+2}

@: mighty, agile, quad damage, corroded, gold aura, very slightly contaminated,
hasted, glowing, deflect missiles, very quick
A: almost no armour, stealthy swim, amphibious, 8 rings, constrict 8, camouflage
1, blurry vision 1, clarity, regeneration 1, strong 1, gelatinous body 1
0: Orb of Zot
}: 10/15 runes: serpentine, slimy, silver, golden, icy, demonic, glowing, fiery,
gossamer, mossy
a: Potion Petition, Call Merchant, Bribe Branch, Renounce Religion, Evoke Blink,
Evoke Invisibility


You escaped.
You worshipped Gozag.
Gozag was exalted by your worship.
You were near starving.

You visited 1 branch You collected 95861 gold pieces.
You spent 23665 gold pieces at shops.
You paid 6590 gold pieces to Gozag.

Inventory:

Hand Weapons
 R - the +6 sword of Cerebov {flame}
   (You took it off Cerebov in the Dungeon)

   It has been specially enchanted to burn those struck by it, causing extra
   injury to most foes and up to half again as much damage against particularly
   susceptible opponents.
   Big, fiery blades are also staple armaments of hydra-hunters.
Missiles
 S - 33 stones (quivered)
Armour
 C - a +2 hat of intelligence (worn)
   (You found it in the Dungeon)
 I - the -3 hat "Ziexos" {Int+7}
   (You bought it in a shop in the Dungeon)

   It affects your intelligence (+7).
 J - the +1 large shield of the Buccaneer (worn) {Dex+4}
   (You bought it in a shop in the Dungeon)

   It affects your dexterity (+4).
Jewellery
 l - the amulet of Temptation {+Rage Str+2 SInv}
   (You bought it in a shop in the Dungeon)

   [amulet of rage]

   It affects your strength (+2).
   It lets you see invisible.
   It lets you go berserk.
 m - the ring "Uvenkiu" (left tentacle) {MR+ Int+3 Slay+3 SInv}
   (You bought it in a shop in the Dungeon)

   [ring of protection from magic]

   It affects your intelligence (+3).
   It affects your accuracy and damage with ranged weapons and melee attacks
   (+3).
   It affects your resistance to hostile enchantments.
   It lets you see invisible.
 n - the ring "Mesoow" {rPois MR+}
   (You bought it in a shop in the Dungeon)

   [ring of poison resistance]

   It protects you from poison.
   It affects your resistance to hostile enchantments.
 o - the amulet of Liberalism {Reflect rN+ Int+3 SH+3}
   (You bought it in a shop in the Dungeon)

   [amulet of reflection]

   It shields you and reflects attacks.
   It affects your intelligence (+3).
   It protects you from negative energy.
   It affects your SH (+3).
 p - the ring of Kecvun {Dex+2 Stlth+}
   (You bought it in a shop in the Dungeon)

   [ring of stealth]

   It affects your dexterity (+2).
   It makes you more stealthy.
 r - the ring "Butzunga" (on tentacle) {AC+5 Dex+4}
   (You bought it in a shop in the Dungeon)

   [ring of protection]

   It affects your AC (+5).
   It affects your dexterity (+4).
 s - the ring "Ylidic" (on tentacle) {+Inv rF+ MR+ Str+2}
   (You bought it in a shop in the Dungeon)

   [ring of protection from fire]

   It affects your strength (+2).
   It protects you from fire.
   It affects your resistance to hostile enchantments.
   It lets you turn invisible.
 t - the ring "Feneema" (on tentacle) {+Blink rPois rC+++ MR+ Dex-4}
   (You bought it in a shop in the Dungeon)

   [ring of protection from magic]

   It affects your dexterity (-4).
   It renders you almost immune to cold.
   It protects you from poison.
   It affects your resistance to hostile enchantments.
   It lets you blink.
 u - the ring "Jituhit" {Str+6 SInv Stlth+}
   (You bought it in a shop in the Dungeon)

   [ring of see invisible]

   It affects your strength (+6).
   It lets you see invisible.
   It makes you more stealthy.
 v - the ring of the Middle {*Slow +Inv rF+ Str+7 Dex+3}
   (You bought it in a shop in the Dungeon)

   [ring of protection from fire]

   It affects your strength (+7).
   It affects your dexterity (+3).
   It protects you from fire.
   It lets you turn invisible.
   It may slow you when you take damage.
 w - the amulet of Fedhas's Esteem (around mantle) {rElec rF+ Regen+}
   (You bought it in a shop in the Dungeon)

   [amulet of regeneration]

   It protects you from fire.
   It insulates you from electricity.
   It increases your rate of regeneration.
 x - the ring "Myaplyz" {+Fly rF- Int+4 SInv}
   (You bought it in a shop in the Dungeon)

   [ring of flight]

   It affects your intelligence (+4).
   It makes you vulnerable to fire.
   It lets you see invisible.
   It lets you fly.
 y - the ring "Qisirig" {rPois rC- MP+9 Int+7}
   (You bought it in a shop in the Dungeon)

   [ring of magical power]

   It affects your intelligence (+7).
   It makes you vulnerable to cold.
   It protects you from poison.
   It affects your magic capacity (+9).
 z - the ring of Pets (on tentacle) {*Corrode rElec rC+ rN+ Str+2}
   (You bought it in a shop in the Dungeon)

   [ring of protection from cold]

   It affects your strength (+2).
   It protects you from cold.
   It insulates you from electricity.
   It protects you from negative energy.
   It may corrode you when you take damage.
 A - the ring "Tutroca" (right tentacle) {*Corrode rPois rF++ MR+ EV+6}
   (You bought it in a shop in the Dungeon)

   [ring of evasion]

   It affects your evasion (+6).
   It greatly protects you from fire.
   It protects you from poison.
   It affects your resistance to hostile enchantments.
   It may corrode you when you take damage.
Wands
 h - a wand of clouds (5) {@v0}
   (You found it in the Dungeon)
 D - a wand of scattershot (5)
   (You found it in the Dungeon)
 M - a wand of polymorph (8)
   (You took it off Terence in the Dungeon)
Scrolls
 i - 7 scrolls of blinking {@r0}
 j - 2 scrolls of silence
 B - 11 scrolls of remove curse {@r2}
 Q - 21 scrolls of fog {@r4}
Potions
 a - 12 potions of resistance
 d - 21 potions of curing {@q1}
 e - 33 potions of heal wounds {@q2}
 f - 13 potions of haste {!q@q5}
 g - 24 potions of magic
 k - a potion of cancellation {!q}
 q - a potion of lignification
 E - 5 potions of might
 F - 9 potions of agility {@q4}
 G - 19 potions of berserk rage
 K - 12 potions of brilliance
 P - 7 potions of mutation
Miscellaneous
 H - a lightning rod (4/4)
   (You found it in the Dungeon)
 N - a quad damage
   (You bought it in a shop in the Dungeon)
 O - a quad damage
   (You bought it in a shop in the Dungeon)
Comestibles
 c - 43 rations {!d}


   Skills:
 O Level 27 Fighting
 O Level 27 Dodging
 O Level 27 Stealth
 O Level 27 Shields
 O Level 27 Unarmed Combat
 O Level 27 Spellcasting
 - Level 15.2 Conjurations
 - Level 15.6 Charms
 - Level 13.2 Summonings
 O Level 27 Necromancy
 O Level 27 Translocations
 O Level 27 Transmutations
 + Level 16.9 Air Magic
 O Level 27 Earth Magic
 O Level 27 Evocations


You had 2 spell levels left.
You knew the following spells:

 Your Spells              Type           Power        Failure   Level  Hunger
a - Necromutation         Tmut/Necr      ########..   1%          8    ####...
b - Death's Door          Chrm/Necr      #######...   1%          8    ####...
c - Borgnjor's Revivific  Necr           ########..   1%          8    ####...
d - Shatter               Erth           ########..   1%          9    #####..
e - Deflect Missiles      Chrm/Air       #######...   1%          6    None
f - Lehudib's Crystal Sp  Conj/Erth      #######...   1%          8    ####...
i - Infestation           Necr           ########..   1%          8    ####...
l - Blink                 Tloc           N/A          0%          2    None
s - Statue Form           Tmut/Erth      ########.    0%          6    None
x - Lesser Beckoning      Tloc           ########..   0%          3    None
B - Aura of Abjuration    Summ           #######...   1%          5    None
M - Malign Gateway        Summ/Tloc      #######...   1%          7    None

Your spell library contained the following spells:

 Spells                   Type           Power        Failure   Level  Hunger
 Beastly Appendage        Tmut           ######       0%          1    None
 Shroud of Golubria       Chrm/Tloc      #######...   0%          2    None
 Sticks to Snakes         Tmut           ########     0%          2    None
 Gell's Gravitas          Tloc           ########..   0%          3    None
 Recall                   Summ/Tloc      N/A          0%          3    None
 Spider Form              Tmut/Pois      #######...   0%          3    None
 Teleport Other           Tloc           ########     0%          3    None
 Blade Hands              Tmut           ########..   0%          5    None
 Summon Forest            Summ/Tloc      #######...   0%          5    None
 Ice Form                 Ice/Tmut       #######.     1%          4    None
 Leda's Liquefaction      Hex/Erth       #######...   1%          4    None
 Bolt of Magma            Conj/Fire/Erth #######...   1%          5    None
 Silence                  Hex/Air        ######....   1%          5    None
 Summon Demon             Summ           #######...   1%          5    None
 Summon Mana Viper        Hex/Summ       ######..     1%          5    None
 Yara's Violent Unravell  Hex/Tmut       #######...   1%          5    None
 Iron Shot                Conj/Erth      #######...   1%          6    None
 Shadow Creatures         Summ           N/A          1%          6    None
 Haunt                    Necr/Summ      #######...   1%          7    None
 Monstrous Menagerie      Summ           #######...   3%          7    None
 Summon Greater Demon     Summ           #######...   3%          7    None
 Poison Arrow             Conj/Pois      ######....   5%          6    None
 Chain Lightning          Conj/Air       #######...   7%          8    ####...
 Cause Fear               Hex            #####.....   8%          4    None
 Summon Horrible Things   Summ           #######...   24%         8    ####...
 Discord                  Hex            #####.....   100%        8    ####...
 Fire Storm               Conj/Fire      ######....   100%        9    #####..
 Glaciate                 Conj/Ice       ######....   100%        9    #####..
 Passage of Golubria      Tloc           Unusable     N/A         4    N/A

Dungeon Overview and Level Annotations

Branches:
Dungeon (1/1)

Altars:
Cheibriados
Dithmenos
Fedhas
Gozag
Kikubaaqudgha
Makhleb
Okawaru
Qazlal
Ru
Sif Muna
Trog
Uskayaw
Vehumet
Wu Jian
Xom
Yredelemnul
Zin
The Shining One
Beogh
Jiyva
Lugonu

Shops:
D [??*?*:[((!


Innate Abilities, Weirdness & Mutations

You cannot wear most types of armour.
You are very stealthy in the water. (Stealth+)
You are amphibious.
You can wear up to eight rings at the same time.
You can use your tentacles to constrict eight enemies at once.
Your skin changes colour to match your surroundings (Stealth+).
Your rubbery body absorbs attacks. (AC +1, EV +1)
Scrolls take you a little longer to read.
You possess an exceptional clarity of mind.
Your natural rate of healing is unusually fast.
Your muscles are strong. (Str +2)


Message History

WUAMUZIT HITS LOFASUCY!!
YOU BLOCK MASTER BLASTER'S ATTACK.
DIELEN BURSTS INTO LIVING LIGHTNING!
THE LIVING LIGHTNING MISSES YOU.
DIELEN BLINKS! x2
UNKNOWN COMMAND.
YOU THRASH MASTER BLASTER!!!
YOU TENTACLE-SLAP MASTER BLASTER!!!!
MASTER BLASTER IS HEAVILY DAMAGED.
YOU ARE ENGULFED IN FREEZING VAPOURS.
YOU RESIST.
YOU CONSTRICT MASTER BLASTER.
RAFEEMEC HITS MASTER BLASTER!!
LOFASUCY IS ENGULFED IN FREEZING VAPOURS.
LOFASUCY HITS WUAMUZIT!!
WUAMUZIT DIES!
DAMAGE: -1%(-1HP) HP: 67%(150HP) UNKNOWN COMMAND.
YOU BLUDGEON MASTER BLASTER!
YOU TENTACLE-SLAP MASTER BLASTER!!
MASTER BLASTER IS SEVERELY DAMAGED.
YOU ARE ENGULFED IN FREEZING VAPOURS.
YOU RESIST.
YOU CONSTRICT MASTER BLASTER, BUT DO NO DAMAGE.
UNKNOWN COMMAND.
YOU THRASH MASTER BLASTER!!!
MASTER BLASTER IS SEVERELY DAMAGED.
YOU ARE ENGULFED IN FREEZING VAPOURS.
YOU RESIST.
YOU CONSTRICT MASTER BLASTER.
YOUR CACODEMON HITS MASTER BLASTER.
YOUR CACODEMON HITS MASTER BLASTER!
MASTER BLASTER TOUCHES YOUR CACODEMON BUT DOES NO DAMAGE.
DIELEN BECOMES DISTRACTED BY THE NEARBY GOLD, DREAMING OF IMAGINARY RICHES.
LOFASUCY BECOMES DISTRACTED BY THE NEARBY GOLD, DREAMING OF IMAGINARY RICHES.
DAMAGE: -0%(-2HP) HP: 67%(148HP) UNKNOWN COMMAND.
YOU CATCH THE HELPLESS MASTER BLASTER COMPLETELY OFF-GUARD!
YOU THRASH MASTER BLASTER!!!
LOFASUCY BLEATS, "BEGONE, THOU GRIME-GILT EARTH-VEXING GUDGEON!"
YOU SQUEEZE MASTER BLASTER.
MASTER BLASTER IS ALMOST DESTROYED.
YOU ARE ENGULFED IN FREEZING VAPOURS.
YOU RESIST.
YOU CONSTRICT MASTER BLASTER.
DIELEN IS NO LONGER DISTRACTED BY GOLD.
RAFEEMEC IS ENGULFED IN FREEZING VAPOURS.
RAFEEMEC HITS THE ICE FIEND!
UNKNOWN COMMAND.
YOU THRASH MASTER BLASTER!!!
YOU BLOW UP MASTER BLASTER!
A RUNE OF ZOT HAS APPEARED.
THE EXIT HAS RE-OPENED.
YOU HAVE WON A PRIZE FOR KILLING THE BOSS!
SCORE MULTIPLIER: 47X YOU NOW HAVE 427198 ARENA POINTS (GAINED 39480).
THE ARENA FALLS SILENT.
EVERYONE BUT YOU IS DEAD.
THERE IS NOTHING TO DO NOW BUT TAKE THE ORB AND LEAVE.
CONGRATULATIONS, CHAMPION.
YOU HAVE MASTERED NECROMANCY!
YOU HAVE MASTERED TRANSMUTATIONS!
YOU NEED TO ENABLE AT LEAST ONE SKILL FOR TRAINING.
YOU HAVE MASTERED TRANSLOCATIONS!
YOU NEED TO ENABLE AT LEAST ONE SKILL FOR TRAINING.
YOUR SHIELDS SKILL INCREASES TO LEVEL 26!
YOUR AIR MAGIC SKILL GAINED 5 LEVELS AND IS NOW AT LEVEL 15!
YOU ARE ENGULFED IN FREEZING VAPOURS.
YOU RESIST.
YOUR CORROSIVE ARTEFACT CORRODES YOU!
DAMAGE: -1%(-1HP) HP: 66%(147HP) UNKNOWN COMMAND.
B - 2 POTIONS OF EXPERIENCE (GAINED 1) YOU PICK UP THE DEMONIC RUNE AND FEEL ITS POWER.
YOU NOW HAVE 10 RUNES.
PRESS } TO SEE ALL THE RUNES YOU HAVE COLLECTED.
YOU NOW HAVE 65525 GOLD PIECES (GAINED 2100).
YOU ARE ENGULFED IN FREEZING VAPOURS.
YOU RESIST.
DAMAGE: -0%(-1HP) HP: 66%(146HP)
A FLOOD OF MEMORIES WASHES OVER YOU.
YOU HAVE MASTERED SHIELDS!
YOUR AIR MAGIC SKILL INCREASES TO LEVEL 16!
YOU ARE ENGULFED IN FREEZING VAPOURS.
YOU RESIST.
DAMAGE: -1%(-1HP) HP: 65%(145HP) UNKNOWN COMMAND.
A FLOOD OF MEMORIES WASHES OVER YOU.
YOU ARE ENGULFED IN FREEZING VAPOURS.
YOU RESIST.
YOU NOW HAVE 65606 GOLD PIECES (GAINED 81).
YOU ARE FEELING VERY HUNGRY.
SEARCH FOR WHAT [ENTER FOR "RUNE", OR ?
FOR HELP]?
RUNE UNKNOWN COMMAND.
THINGS THAT ARE HERE: 17 ARROWS; A +0 SHORTBOW THERE IS A STAIRCASE LEADING OUT OF THE DUNGEON HERE.
UNKNOWN COMMAND.
CASTING: STATUE FORM (SAFE; 0% RISK OF FAILURE) CONFIRM WITH .
OR ENTER, OR PRESS ?
OR * TO LIST ALL SPELLS.
OKAY, THEN.
CASTING: STATUE FORM (SAFE; 0% RISK OF FAILURE) CONFIRM WITH .
OR ENTER, OR PRESS ?
OR * TO LIST ALL SPELLS.
OKAY, THEN.
CASTING: STATUE FORM (SAFE; 0% RISK OF FAILURE) CONFIRM WITH .
OR ENTER, OR PRESS ?
OR * TO LIST ALL SPELLS.
OKAY, THEN.
CASTING: STATUE FORM (SAFE; 0% RISK OF FAILURE) CONFIRM WITH .
OR ENTER, OR PRESS ?
OR * TO LIST ALL SPELLS.
THE DUNGEON RUMBLES!
KA-CRASH!
UNKNOWN COMMAND.
CASTING: SHATTER (SAFE; 1% RISK OF FAILURE) CONFIRM WITH .
OR ENTER, OR PRESS ?
OR * TO LIST ALL SPELLS.
THE DUNGEON RUMBLES!
YOU ARE NEAR STARVING!
CASTING: SHATTER (SAFE; 1% RISK OF FAILURE) CONFIRM WITH .
OR ENTER, OR PRESS ?
OR * TO LIST ALL SPELLS.
THE DUNGEON RUMBLES!
KA-CRASH!
YOU HAVE ESCAPED!

▓#._[|[)).._.▓▓▓ ...[[([)[.)....▓
#[)(((.).[[..⌠.▓▓
#####.).)([([[.......####
##∩___.○))().........___∩##
###∩))...°))$(....[........∩###
##.1.....[..°.....[..[.........##
#[......[.)(°.(.[..............⌠#
#⌠....[..[((...(@..............⌠#
#⌠.........(...(.(.....)$$.[...⌠#
##......(.$.[.($..(...).$......##
###∩......[)[..$.(...).)...∩###
##∩._°$($(.[...((.....__∩##
######..([$([((.(...#####
#$).$(.(.($.)). #..).([.......#
▓▓$_(((.).._.▓▓


There were no monsters in sight!

Vanquished Creatures
  Cerebov (D)
  Antaeus (D)
  Khufu (D)
  2 seraphim (D)
  Mnoleg (D)
  Tiamat (D)
  7 pandemonium lords (D)
  6 orbs of fire (D)
  3 ancient liches (D)
  6 greater mummies (D)
  Agnes (D)
  4 great orbs of eyes (D)
  15 golden dragons (D)
  12 Brimstone Fiends (D)
  A Tzitzimitl (D)
  An electric golem (D)
  A tentacled monstrosity (D)
  3 Ice Fiends (D)
  22 Orb Guardians (D)
  A Hell Sentinel (D)
  Frances (D)
  2 acid blobs (D)
  A quicksilver dragon (D)
  2 Executioners (D)
  An eldritch tentacle (D)
  3 sphinxes (D)
  An azure jelly (D)
  2 shadow dragons (D)
  3 storm dragons (D)
  A daeva (D)
  6 fire giants (D)
  2 iron dragons (D)
  4 ghost moths (D)
  2 orc warlords (D)
  6 balrugs (D)
  4 angels (D)
  3 cacodemons (D)
  A ghoul (D)
  A reaper (D)
  6 stone giants (D)
  A corrupter (D)
  An ophan (D)
  2 green draconians (D)
  4 vampire knights (D)
  3 black draconians (D)
  An anaconda (D)
  3 yellow draconians (D)
  13 lorocyprocas (D)
  2 red draconians (D)
  3 green deaths (D)
  3 eidola (D)
  4 mummy priests (D)
  Josephine (D)
  An ogre mage (D)
  3 fire dragons (D)
  3 ice dragons (D)
  2 vault guards (D)
  2 monstrous demonspawn (D)
  6 hydras (D)
  A death knight (D)
  3 hell beasts (D)
  23 centaur warriors (D)
  4 two-headed ogres (D)
  2 vampire magi (D)
  7 hell hogs (D)
  8 orc high priests (D)
  6 sun demons (D)
  2 iron trolls (D)
  2 soul eaters (D)
  6 sixfirhies (D)
  3 cherubim (D)
  A skeletal warrior (D)
  2 death drakes (D)
  5 swamp dragons (D)
  An infernal demonspawn (D)
  A torturous demonspawn (D)
  2 phantasmal warriors (D)
  8 orc knights (D)
  2 wolf spiders (D)
  4 shining eyes (D)
  8 orc sorcerers (D)
  10 moths of wrath (D)
  2 rust devils (D)
  A torpor snail (D)
  48 smoke demons (D)
  4 eyes of devastation (D)
  5 orange demons (D)
  11 hellions (D)
  A demonic crawler (D)
  5 hellwings (D)
  A kobold demonologist (D)
  3 ice devils (D)
  2 tormentors (D)
  7 guardian mummies (D)
  11 red devils (D)
  7 jumping spiders (D)
  3 queen bees (D)
  A hornet (D)
  3 slime creatures (D)
  5 large abominations (D)
  5 tarantellas (D)
  2 ynoxinuls (D)
  3 redbacks (D)
  4 wraiths (D)
  4 chaos spawn (D)
  8 golden eyes (D)
  31 neqoxecs (D)
  2 hell hounds (D)
  6 floating eyes (D)
  4 ogres (D)
  5 eyes of draining (D)
  14 centaurs (D)
  2 scorpions (D)
  A small abomination (D)
  6 killer bees (D)
  A wight (D)
  A jelly (D)
  Jessica (D)
  Terence (D)
  A worker ant (D)
  8 mummies (D)
  4 oozes (D)
  An orc (D)
  A rat (D)
547 creatures vanquished.

Vanquished Creatures (collateral kills)
  2 greater mummies (D)
  A Tzitzimitl (D)
  An angel (D)
  2 ophanim (D)
  A lorocyproca (D)
  3 mummy priests (D)
  A great orb of eyes (D)
  A shadow demon (D)
  3 shining eyes (D)
  4 eyes of devastation (D)
  2 smoke demons (D)
  4 guardian mummies (D)
  A chaos spawn (D)
  A neqoxec (D)
  5 eyes of draining (D)
32 creatures vanquished.

Vanquished Creatures (others)
  A pandemonium lord (D)
  A golden dragon (D)
  A storm dragon (D)
  A lorocyproca (D)
  A red draconian (D)
  5 smoke demons (D)
  An orange demon (D)
  A hellion (D)
  An ice devil (D)
  3 golden eyes (D)
  A neqoxec (D)
  A hell hound (D)
18 creatures vanquished.

Grand Total: 597 creatures vanquished

Notes
Turn   | Place    | Note
-------+----------+-------------------------------------------
     0 | D        | 1492 the Octopode Transmuter began the quest for the Orb.
     0 | D        | Reached XP level 1. HP: 13/13 MP: 3/3
     1 | D        | Found a shimmering altar of Xom.
     1 | D        | Found an iron altar of Okawaru.
     2 | D        | Found a blossoming altar of Fedhas.
     2 | D        | Found a sacrificial altar of Ru.
     3 | D        | Found a basalt altar of Yredelemnul.
     4 | D        | Found Unakhle's Delicious Food.
     4 | D        | Found a snail-covered altar of Cheibriados.
     4 | D        | Found an opulent altar of Gozag.
     4 | D        | Found Waixt's Identification Station.
     5 | D        | Found Ynelesinif's Jewellery.
     5 | D        | Found Fiudgh Ones's Advanced Armour.
     5 | D        | Round 1.
    14 | D        | Reached skill level 1 in Evocations
    19 | D        | Bought a wavering tin ring for 45 gold pieces
    19 | D        | Bought a scorched platinum ring for 45 gold pieces
    19 | D        | Bought a faintly glowing granite ring for 45 gold pieces
    19 | D        | Bought a vibrating pewter ring for 45 gold pieces
    19 | D        | Identified the ring "Uvenkiu" {MR+ Int+3 Slay+3 SInv} (You
                  | bought it in a shop in the Dungeon)
    20 | D        | Identified the ring "Mesoow" {rPois MR+} (You bought it in
                  | a shop in the Dungeon)
    21 | D        | Identified the cursed ring of Acemit {rElec rF- rC+ Dex-3}
                  | (You bought it in a shop in the Dungeon)
    22 | D        | Identified the ring of Kecvun {Dex+2 Stlth+} (You bought it
                  | in a shop in the Dungeon)
    26 | D        | Found a stormy altar of Qazlal.
    30 | D        | Became a worshipper of Gozag Ym Sagoz the Greedy
    34 | D        | Found a radiant altar of Vehumet.
    34 | D        | Found Miluot's Premium Goods.
    34 | D        | Found Ruilidui's Miscellaneous Merchandise.
    35 | D        | Found Fyhucage's Basic Armour.
    40 | D        | Found Laodd's Weapon Rack.
    40 | D        | Found a deep blue altar of Sif Muna.
    40 | D        | Found a bloodstained altar of Trog.
    40 | D        | Found a hide-covered altar of Uskayaw.
    52 | D        | Found an ornate altar of the Wu Jian Council.
    54 | D        | Found a roughly hewn altar of Beogh.
    54 | D        | Found Ruukk's Do-It-Yourself Clinic.
    54 | D        | Found Gick's Bottled Wisdom.
    55 | D        | Found Yqin's Distillery.
    60 | D        | Found Jiuf Dac's Distillery.
    60 | D        | Found a glowing golden altar of the Shining One.
    60 | D        | Found a viscous altar of Jiyva.
    60 | D        | Found a corrupted altar of Lugonu.
    72 | D        | Found a burning altar of Makhleb.
    74 | D        | Found a glowing silver altar of Zin.
    74 | D        | Found an ancient bone altar of Kikubaaqudgha.
    74 | D        | Found Huig's Staff Store.
    74 | D        | Found Otseurul's Must-Have Magic.
    75 | D        | Found Muin Pothra's Magic Scroll Shop.
    77 | D        | Found a shadowy altar of Dithmenos.
    77 | D        | Found Cayt's Magic Scroll Shop.
    90 | D        | Noticed Terence
    95 | D        | Killed Terence
    95 | D        | Reached XP level 2. HP: 13/18 MP: 5/5
    95 | D        | Reached XP level 3. HP: 17/23 MP: 6/6
   100 | D        | Learned a level 3 spell: Spider Form
   132 | D        | Noticed Jessica
   136 | D        | Reached skill level 5 in Unarmed Combat
   137 | D        | Killed Jessica
   137 | D        | Reached skill level 5 in Transmutations
   137 | D        | Reached XP level 4. HP: 20/28 MP: 3/7
   152 | D        | Arena points: 12 (+12) [x2]
   189 | D        | Bought a warped tin ring for 45 gold pieces
   189 | D        | Bought a transparent silver ring for 45 gold pieces
   189 | D        | Bought a coiled iron ring for 45 gold pieces
   189 | D        | Bought a pitted copper ring for 45 gold pieces
   189 | D        | Bought a warped copper ring for 45 gold pieces
   189 | D        | Bought a heavily runed jade amulet for 45 gold pieces
   189 | D        | Identified the ring "Butzunga" {AC+5 Dex+4} (You bought it
                  | in a shop in the Dungeon)
   190 | D        | Identified the ring "Ylidic" {+Inv rF+ MR+ Str+2} (You
                  | bought it in a shop in the Dungeon)
   191 | D        | Identified the ring "Feneema" {+Blink rPois rC+++ MR+
                  | Dex-4} (You bought it in a shop in the Dungeon)
   192 | D        | Identified the ring "Jituhit" {Str+6 SInv Stlth+} (You
                  | bought it in a shop in the Dungeon)
   194 | D        | Identified the ring of the Middle {*Slow +Inv rF+ Str+7
                  | Dex+3} (You bought it in a shop in the Dungeon)
   195 | D        | Identified the amulet of Fedhas's Esteem {rElec rF+ Regen+}
                  | (You bought it in a shop in the Dungeon)
   203 | D        | Round 2.
   242 | D        | Reached skill level 5 in Evocations
   277 | D        | Reached XP level 5. HP: 33/33 MP: 6/9
   339 | D        | Arena points: 48 (+36) [x3]
   352 | D        | Bought a translucent steel ring for 45 gold pieces
   352 | D        | Bought a slimy ivory ring for 45 gold pieces
   352 | D        | Bought a pitted amber ring for 45 gold pieces
   352 | D        | Bought a translucent golden ring for 45 gold pieces
   352 | D        | Bought a sparkling silver ring for 45 gold pieces
   353 | D        | Identified the cursed ring of the Pharaoh's Fist {rC+ EV-3}
                  | (You bought it in a shop in the Dungeon)
   355 | D        | Identified the ring "Myaplyz" {+Fly rF- Int+4 SInv} (You
                  | bought it in a shop in the Dungeon)
   357 | D        | Identified the ring "Qisirig" {rPois rC- MP+9 Int+7} (You
                  | bought it in a shop in the Dungeon)
   359 | D        | Identified the ring of Pets {*Corrode rElec rC+ rN+ Str+2}
                  | (You bought it in a shop in the Dungeon)
   361 | D        | Identified the ring "Tutroca" {*Corrode rPois rF++ MR+
                  | EV+6} (You bought it in a shop in the Dungeon)
   403 | D        | Round 3.
   411 | D        | Noticed a neqoxec
   425 | D        | Gained mutation: You are dopey. (Int -2) [a neqoxec]
   426 | D        | Killed a neqoxec
   426 | D        | Reached XP level 6. HP: 41/41 MP: 5/10
   432 | D        | Noticed a neqoxec
   447 | D        | Noticed a neqoxec
   450 | D        | Noticed a neqoxec
   453 | D        | Noticed a neqoxec
   459 | D        | Killed a neqoxec
   466 | D        | Noticed a neqoxec
   468 | D        | Killed a neqoxec
   468 | D        | Reached XP level 7. HP: 49/49 MP: 10/13
   474 | D        | Killed a neqoxec
   474 | D        | Reached skill level 5 in Dodging
   477 | D        | Killed a neqoxec
   477 | D        | Reached skill level 5 in Fighting
   477 | D        | Reached skill level 5 in Spellcasting
   480 | D        | Killed a neqoxec
   480 | D        | Arena points: 132 (+84) [x4]
   480 | D        | Reached XP level 8. HP: 56/56 MP: 11/15
   499 | D        | Bought 15 scrolls of remove curse for 450 gold pieces
   526 | D        | Bought a wavering iron amulet for 45 gold pieces
   526 | D        | Bought a coiled silver amulet for 45 gold pieces
   526 | D        | Round 4.
   527 | D        | Identified the amulet of Temptation {+Rage Str+2 SInv} (You
                  | bought it in a shop in the Dungeon)
   529 | D        | Identified the amulet of Liberalism {Reflect rN+ Int+3
                  | SH+3} (You bought it in a shop in the Dungeon)
   540 | D        | Noticed a tarantella
   545 | D        | Killed a tarantella
   545 | D        | Reached skill level 10 in Unarmed Combat
   549 | D        | Noticed a jumping spider
   558 | D        | Killed a jumping spider
   558 | D        | Reached skill level 10 in Transmutations
   570 | D        | Learned a level 5 spell: Blade Hands
   574 | D        | Noticed a jumping spider
   585 | D        | Killed a jumping spider
   608 | D        | Noticed a jumping spider
   613 | D        | Killed a jumping spider
   613 | D        | Reached XP level 9. HP: 64/64 MP: 16/18
   634 | D        | Arena points: 272 (+140) [x5]
   652 | D        | Bought a book of the Earth for 455 gold pieces
   659 | D        | Learned a level 6 spell: Statue Form
   673 | D        | Bought 2 rations for 40 gold pieces
   673 | D        | Bought 2 rations for 40 gold pieces
   687 | D        | Round 5.
   702 | D        | Noticed a giant anaconda
   710 | D        | Noticed a naga warrior
   719 | D        | HP: 30/96 [giant anaconda (11)]
   720 | D        | Killed a giant anaconda
   720 | D        | Arena points: 517 (+245) [x7]
   721 | D        | Got a serpentine rune of Zot
   726 | D        | Reached XP level 10. HP: 23/71 MP: 13/19
   737 | D        | Bought a potion of experience for 300 gold pieces
   737 | D        | Reached skill level 10 in Earth Magic
   737 | D        | Reached XP level 11. HP: 28/75 MP: 16/20
   747 | D        | Bought a potion of mutation for 56 gold pieces
   747 | D        | Lost mutation: You are dopey. (Int -2) [potion of mutation]
   747 | D        | Gained mutation: One of your tentacles bears a spike.
                  | [potion of mutation]
   747 | D        | Gained mutation: You have supernaturally acute eyesight.
                  | (SInv) [potion of mutation]
   902 | D        | Round 6.
   946 | D        | Noticed a phantasmal warrior
   951 | D        | Killed a phantasmal warrior
   956 | D        | Noticed an eidolon
   969 | D        | Noticed a phantasmal warrior
   979 | D        | Killed a phantasmal warrior
   987 | D        | Killed an eidolon
   995 | D        | Arena points: 559 (+42) [x1]
  1002 | D        | Round 7.
  1015 | D        | Reached XP level 12. HP: 59/81 MP: 24/24
  1026 | D        | Bought a potion of experience for 300 gold pieces
  1026 | D        | Reached XP level 13. HP: 67/88 MP: 25/25
  1116 | D        | Arena points: 699 (+140) [x2]
  1133 | D        | Bought 2 potions of experience for 600 gold pieces
  1133 | D        | Reached XP level 14. HP: 95/95 MP: 25/27
  1134 | D        | Reached XP level 15. HP: 101/101 MP: 25/28
  1158 | D        | Bought 3 scrolls of identify for 150 gold pieces
  1162 | D        | Round 8.
  1180 | D        | Reached skill level 15 in Unarmed Combat
  1187 | D        | Reached skill level 10 in Fighting
  1191 | D        | Reached skill level 10 in Spellcasting
  1204 | D        | Arena points: 939 (+240) [x3]
  1227 | D        | Round 9.
  1238 | D        | Bought 3 potions of experience for 900 gold pieces
  1238 | D        | Reached skill level 10 in Dodging
  1238 | D        | Reached XP level 16. HP: 111/111 MP: 30/30
  1239 | D        | Reached XP level 17. HP: 117/117 MP: 31/31
  1240 | D        | Reached XP level 18. HP: 124/124 MP: 32/32
  1331 | D        | Arena points: 1335 (+396) [x4]
  1347 | D        | Bought 3 potions of experience for 900 gold pieces
  1347 | D        | Reached XP level 19. HP: 131/131 MP: 33/33
  1348 | D        | Reached XP level 20. HP: 138/138 MP: 34/34
  1349 | D        | Reached XP level 21. HP: 144/144 MP: 35/35
  1355 | D        | Round 10.
  1357 | D        | Bought 6 potions of might for 168 gold pieces
  1357 | D        | Bought 6 potions of agility for 168 gold pieces
  1357 | D        | Bought 5 potions of haste for 350 gold pieces
  1396 | D        | Arena points: 1935 (+600) [x6]
  1397 | D        | Got a gossamer rune of Zot
  1398 | D        | Reached XP level 22. HP: 152/152 MP: 36/36
  1430 | D        | Bought a faintly humming shield for 332 gold pieces
  1430 | D        | Bought a twisted hat for 315 gold pieces
  1435 | D        | Identified the -3 hat "Ziexos" {Int+7} (You bought it in a
                  | shop in the Dungeon)
  1440 | D        | Identified the cursed -4 shield of Hangman {-Tele rElec
                  | rPois MR+ Str+2} (You bought it in a shop in the Dungeon)
  1507 | D        | Bought 2 rations for 40 gold pieces
  1507 | D        | Bought 2 rations for 40 gold pieces
  1507 | D        | Bought 2 rations for 40 gold pieces
  1507 | D        | Bought 2 rations for 40 gold pieces
  1559 | D        | Round 11.
  1619 | D        | Noticed Frances
  1627 | D        | Killed Frances
  1668 | D        | Arena points: 2782 (+847) [x7]
  1696 | D        | Round 12.
  1764 | D        | Arena points: 3934 (+1152) [x8]
  1785 | D        | Bought a slimy buckler for 332 gold pieces
  1790 | D        | Identified the cursed +0 buckler of Qazlal's Vengeance
                  | {Int+2} (You bought it in a shop in the Dungeon)
  1790 | D        | Bought a polished large shield for 332 gold pieces
  1801 | D        | Identified the +1 large shield of the Buccaneer {Dex+4}
                  | (You bought it in a shop in the Dungeon)
  1801 | D        | Bought a faintly humming buckler for 332 gold pieces
  1811 | D        | Identified the cursed +0 buckler "Kaelom" {rN+ MR- Regen+
                  | MP+9} (You bought it in a shop in the Dungeon)
  1818 | D        | Round 13.
  1832 | D        | Reached skill level 1 in Shields
  1925 | D        | Reached skill level 10 in Shields
  1933 | D        | Gained mutation: You occasionally shout uncontrollably at
                  | your foes. [a shining eye]
  1935 | D        | Arena points: 5104 (+1170) [x9]
  1957 | D        | Round 14.
  1958 | D        | Noticed Josephine
  1960 | D        | Bought a potion of haste for 70 gold pieces
  1960 | D        | Bought 6 potions of resistance for 420 gold pieces
  1960 | D        | Bought 6 potions of resistance for 420 gold pieces
  1960 | D        | Bought 4 potions of haste for 280 gold pieces
  1960 | D        | Bought 3 potions of haste for 210 gold pieces
  1969 | D        | Killed Josephine
  1980 | D        | Bought a book of Spatial Translocations for 455 gold pieces
  2053 | D        | Reached skill level 15 in Shields
  2071 | D        | Arena points: 7204 (+2100) [x10]
  2084 | D        | Round 15.
  2086 | D        | Learned a level 3 spell: Lesser Beckoning
  2087 | D        | Noticed Agnes
  2097 | D        | Killed Agnes
  2097 | D        | Arena points: 9184 (+1980) [x12]
  2101 | D        | Got a mossy rune of Zot
  2102 | D        | Reached XP level 23. HP: 161/161 MP: 33/37
  2126 | D        | Learned a level 2 spell: Blink
  2131 | D        | Learned a level 4 spell: Passage of Golubria
  2148 | D        | Bought 20 rations for 1500 gold pieces
  2169 | D        | Bought a potion of cancellation for 56 gold pieces
  2169 | D        | Bought 6 potions of magic for 336 gold pieces
  2169 | D        | Bought 6 potions of magic for 336 gold pieces
  2169 | D        | Bought 6 potions of brilliance for 168 gold pieces
  2169 | D        | Bought 5 potions of haste for 350 gold pieces
  2169 | D        | Bought 4 potions of haste for 280 gold pieces
  2169 | D        | Bought 3 potions of haste for 210 gold pieces
  2260 | D        | Round 16.
  2295 | D        | Reached skill level 5 in Translocations
  2336 | D        | Arena points: 11680 (+2496) [x13]
  2358 | D        | Bought 5 potions of heal wounds for 500 gold pieces
  2358 | D        | Bought 5 potions of heal wounds for 500 gold pieces
  2358 | D        | Bought a quad damage for 400 gold pieces
  2358 | D        | Bought a quad damage for 400 gold pieces
  2358 | D        | Bought a quad damage for 400 gold pieces
  2383 | D        | Round 17.
  2450 | D        | Reached skill level 15 in Fighting
  2522 | D        | Arena points: 15488 (+3808) [x14]
  2540 | D        | Round 18.
  2577 | D        | Reached skill level 10 in Translocations
  2621 | D        | Noticed a golden dragon
  2635 | D        | Killed a golden dragon
  2644 | D        | Arena points: 18728 (+3240) [x15]
  2644 | D        | Reached skill level 10 in Evocations
  2670 | D        | Bought 5 potions of berserk rage for 175 gold pieces
  2670 | D        | Bought 5 potions of berserk rage for 175 gold pieces
  2670 | D        | Bought 6 potions of might for 168 gold pieces
  2670 | D        | Bought 6 potions of agility for 168 gold pieces
  2708 | D        | Round 19.
  2755 | D        | Arena points: 22376 (+3648) [x16]
  2782 | D        | Bought 4 potions of curing for 84 gold pieces
  2782 | D        | Bought 4 potions of curing for 84 gold pieces
  2782 | D        | Bought 4 potions of curing for 84 gold pieces
  2782 | D        | Bought 4 potions of curing for 84 gold pieces
  2782 | D        | Bought 4 potions of curing for 84 gold pieces
  2782 | D        | Bought 3 potions of heal wounds for 105 gold pieces
  2782 | D        | Bought 3 potions of heal wounds for 105 gold pieces
  2782 | D        | Bought 3 potions of heal wounds for 105 gold pieces
  2782 | D        | Bought 3 potions of heal wounds for 105 gold pieces
  2782 | D        | Bought 3 potions of heal wounds for 105 gold pieces
  2782 | D        | Bought 3 potions of heal wounds for 105 gold pieces
  2782 | D        | Bought 3 potions of heal wounds for 105 gold pieces
  2782 | D        | Bought 3 potions of heal wounds for 105 gold pieces
  2782 | D        | Bought 3 potions of heal wounds for 105 gold pieces
  2782 | D        | Bought 3 potions of heal wounds for 105 gold pieces
  2782 | D        | Bought 3 potions of heal wounds for 105 gold pieces
  2782 | D        | Bought 3 potions of heal wounds for 105 gold pieces
  2790 | D        | Bought 6 potions of magic for 336 gold pieces
  2790 | D        | Bought 6 potions of magic for 336 gold pieces
  2790 | D        | Bought a potion of mutation for 56 gold pieces
  2790 | D        | Bought 5 potions of berserk rage for 175 gold pieces
  2790 | D        | Bought 5 potions of berserk rage for 175 gold pieces
  2790 | D        | Bought 3 potions of mutation for 168 gold pieces
  2790 | D        | Bought 2 potions of mutation for 112 gold pieces
  2790 | D        | Bought a potion of mutation for 56 gold pieces
  2790 | D        | Bought 6 potions of brilliance for 168 gold pieces
  2795 | D        | Round 20.
  2821 | D        | Arena points: 26696 (+4320) [x18]
  2825 | D        | Got a slimy rune of Zot
  2829 | D        | Reached XP level 24. HP: 174/178 MP: 34/37
  3000 | D        | Round 21.
  3023 | D        | Reached XP level 25. HP: 184/184 MP: 37/37
  3134 | D        | Arena points: 27053 (+357) [x1]
  3144 | D        | Round 22.
  3261 | D        | Arena points: 27383 (+330) [x1]
  3271 | D        | Round 23.
  3367 | D        | Arena points: 28073 (+690) [x2]
  3427 | D        | Round 24.
  3436 | D        | HP: 90/247 [hellion/damnation (32)]
  3440 | D        | HP: 24/247 [hellion/damnation (36)]
  3446 | D        | HP: 46/248 [fire giant/fireball (4)]
  3457 | D        | HP: 47/249 [hellion/damnation (20)]
  3473 | D        | HP: 94/249 [Brimstone Fiend/damnation (23)]
  3480 | D        | HP: 71/249 [Brimstone Fiend/damnation (28)]
  3493 | D        | Arena points: 29297 (+1224) [x3]
  3503 | D        | Round 25.
  3545 | D        | Arena points: 31172 (+1875) [x5]
  3549 | D        | Got a silver rune of Zot
  3550 | D        | Reached XP level 26. HP: 147/203 MP: 37/37
  3741 | D        | Round 26.
  3792 | D        | Reached skill level 15 in Dodging
  3839 | D        | Arena points: 33668 (+2496) [x6]
  3886 | D        | Round 27.
  3890 | D        | Noticed an ancient lich
  3898 | D        | Killed an ancient lich
  3934 | D        | Reached skill level 27 in Unarmed Combat
  3947 | D        | Identified the +4 dragonskin cloak
  3947 | D        | Noticed Tiamat
  3965 | D        | Killed Tiamat
  3977 | D        | Noticed an ancient lich
  3982 | D        | Killed an ancient lich
  4012 | D        | Noticed an orb of fire
  4019 | D        | Killed an orb of fire
  4023 | D        | Arena points: 37070 (+3402) [x7]
  4038 | D        | Got the Orb of Zot
  4045 | D        | Reached XP level 27. HP: 220/220 MP: 26/37
  4067 | D        | Learned a level 9 spell: Shatter
  4074 | D        | Bought a book of Summonings for 490 gold pieces
  4074 | D        | Bought a Necronomicon for 772 gold pieces
  4074 | D        | Bought a Grand Grimoire for 772 gold pieces
  4074 | D        | Bought a book of Annihilations for 772 gold pieces
  4090 | D        | Learned a level 5 spell: Aura of Abjuration
  4097 | D        | Reached skill level 1 in Summonings
  4154 | D        | Bought 5 scrolls of amnesia for 175 gold pieces
  4154 | D        | Bought 3 scrolls of blinking for 225 gold pieces
  4172 | D        | Learned a level 8 spell: Necromutation
  4172 | D        | Round 28.
  4185 | D        | Reached skill level 5 in Summonings
  4203 | D        | Noticed Urafaf the pandemonium lord
  4217 | D        | Killed Urafaf the pandemonium lord
  4219 | D        | Reached skill level 10 in Summonings
  4224 | D        | Gained mutation: You are weak. (Str -2) [a cacodemon]
  4225 | D        | Reached skill level 27 in Fighting
  4237 | D        | Reached skill level 15 in Spellcasting
  4250 | D        | Reached skill level 5 in Necromancy
  4273 | D        | Reached skill level 10 in Necromancy
  4283 | D        | Arena points: 53534 (+16464) [x28]
  4309 | D        | Learned a level 7 spell: Malign Gateway
  4332 | D        | Round 29.
  4438 | D        | Bought 3 scrolls of silence for 225 gold pieces
  4438 | D        | Bought 5 scrolls of fog for 100 gold pieces
  4438 | D        | Bought 4 scrolls of fog for 80 gold pieces
  4438 | D        | Bought 3 scrolls of fog for 60 gold pieces
  4439 | D        | Bought 5 scrolls of fog for 100 gold pieces
  4439 | D        | Bought 4 scrolls of fog for 80 gold pieces
  4439 | D        | Bought 3 scrolls of fog for 60 gold pieces
  4456 | D        | Reached skill level 15 in Necromancy
  4466 | D        | HP: 112/291 [smoke demon/divine providence (7)]
  4472 | D        | Arena points: 72036 (+18502) [x29]
  4496 | D        | Round 30.
  4500 | D        | HP: 115/291 [??? (28)]
  4502 | D        | Identified the +6 sword of Cerebov {flame}
  4502 | D        | Noticed Cerebov
  4515 | D        | HP: 107/291 [Cerebov/great blast of fire (27)]
  4520 | D        | HP: 74/291 [Cerebov/the +6 sword of Cerebov {flame} (36)]
  4530 | D        | Killed Cerebov
  4530 | D        | Arena points: 86916 (+14880) [x31]
  4546 | D        | HP: 98/291 [daeva/divine providence (14)]
  4563 | D        | Got a fiery rune of Zot
  4593 | D        | Noticed Zeapt the pandemonium lord
  4600 | D        | Killed Zeapt the pandemonium lord
  4634 | D        | Learned a level 8 spell: Infestation
  4643 | D        | Learned a level 8 spell: Death's Door
  4652 | D        | Learned a level 8 spell: Borgnjor's Revivification
  4690 | D        | Round 31.
  4697 | D        | Noticed a greater mummy
  4697 | D        | Noticed a greater mummy
  4697 | D        | Noticed a greater mummy
  4711 | D        | Killed a greater mummy
  4716 | D        | Noticed a greater mummy
  4720 | D        | Killed a greater mummy
  4730 | D        | Killed a greater mummy
  4730 | D        | Reached skill level 15 in Transmutations
  4752 | D        | Killed a greater mummy
  4764 | D        | Noticed a greater mummy
  4764 | D        | Noticed a greater mummy
  4772 | D        | Noticed a greater mummy
  4774 | D        | Noticed a greater mummy
  4777 | D        | Killed a greater mummy
  4782 | D        | Killed a greater mummy
  4782 | D        | Reached skill level 15 in Earth Magic
  4794 | D        | Killed a greater mummy
  4799 | D        | Killed a greater mummy
  4813 | D        | Arena points: 107748 (+20832) [x32]
  4828 | D        | Round 32.
  4836 | D        | Noticed Yvisek the pandemonium lord
  4843 | D        | Killed Yvisek the pandemonium lord
  4993 | D        | Arena points: 127812 (+20064) [x33]
  5017 | D        | Noticed a seraph
  5020 | D        | Round 33.
  5024 | D        | Noticed Antaeus
  5026 | D        | Killed a seraph
  5041 | D        | Killed Antaeus
  5041 | D        | Arena points: 147447 (+19635) [x35]
  5052 | D        | Reached skill level 27 in Spellcasting
  5063 | D        | Bought a book of Enchantments for 350 gold pieces
  5066 | D        | Noticed Rerch the pandemonium lord
  5070 | D        | Noticed Fosigoa the pandemonium lord
  5073 | D        | Killed Fosigoa the pandemonium lord
  5073 | D        | Reached skill level 5 in Charms
  5079 | D        | Killed Rerch the pandemonium lord
  5083 | D        | Reached skill level 10 in Charms
  5106 | D        | Learned a level 6 spell: Deflect Missiles
  5112 | D        | Learned a level 5 spell: Silence
  5136 | D        | Got an icy rune of Zot
  5148 | D        | Noticed a seraph
  5159 | D        | Killed a seraph
  5214 | D        | Round 34.
  5217 | D        | Gained mutation: You are frail. (-10% HP) [a neqoxec]
  5226 | D        | Gained mutation: Your magical capacity is low. (-10% MP) [a
                  | neqoxec]
  5231 | D        | Gained mutation: Your spells are a little easier to cast,
                  | but a little less powerful. [a neqoxec]
  5233 | D        | Reached skill level 15 in Evocations
  5234 | D        | Gained mutation: You do not regenerate when monsters are
                  | visible. [a neqoxec]
  5238 | D        | Arena points: 176823 (+29376) [x36]
  5238 | D        | Reached skill level 10 in Air Magic
  5239 | D        | Lost mutation: You do not regenerate when monsters are
                  | visible. [potion of mutation]
  5239 | D        | Lost mutation: Your spells are a little easier to cast, but
                  | a little less powerful. [potion of mutation]
  5239 | D        | Gained mutation: You tend to lose your temper in combat.
                  | [potion of mutation]
  5239 | D        | Gained mutation: You are somewhat resistant to further
                  | mutation. [potion of mutation]
  5241 | D        | Lost mutation: You occasionally shout uncontrollably at
                  | your foes. [potion of mutation]
  5241 | D        | Lost mutation: You are weak. (Str -2) [potion of mutation]
  5241 | D        | Lost mutation: You tend to lose your temper in combat.
                  | [potion of mutation]
  5241 | D        | Lost mutation: You are frail. (-10% HP) [potion of
                  | mutation]
  5258 | D        | Bought 3 potions of mutation for 168 gold pieces
  5258 | D        | Bought 2 potions of mutation for 112 gold pieces
  5273 | D        | Reached skill level 15 in Charms
  5289 | D        | Round 35.
  5306 | D        | Bought 2 rations for 40 gold pieces
  5306 | D        | Bought 2 rations for 40 gold pieces
  5306 | D        | Bought 2 rations for 40 gold pieces
  5306 | D        | Bought 2 rations for 40 gold pieces
  5306 | D        | Bought 2 rations for 40 gold pieces
  5306 | D        | Bought 2 rations for 40 gold pieces
  5306 | D        | Bought 2 rations for 40 gold pieces
  5306 | D        | Bought 2 rations for 40 gold pieces
  5306 | D        | Bought 2 rations for 40 gold pieces
  5306 | D        | Bought 2 rations for 40 gold pieces
  5306 | D        | Bought 2 rations for 40 gold pieces
  5397 | D        | Arena points: 206608 (+29785) [x37]
  5454 | D        | Round 36.
  5461 | D        | Noticed Mnoleg
  5464 | D        | Paralysed by a floating eye for 4 turns
  5476 | D        | Gained mutation: You are clumsy. (Dex -2) [Mnoleg's
                  | mutagenic touch]
  5488 | D        | Killed Mnoleg
  5488 | D        | Arena points: 231880 (+25272) [x39]
  5492 | D        | Got a glowing rune of Zot
  5493 | D        | Reached skill level 15 in Translocations
  5509 | D        | Learned a level 8 spell: Lehudib's Crystal Spear
  5527 | D        | Reached skill level 1 in Conjurations
  5543 | D        | Reached skill level 27 in Dodging
  5610 | D        | Round 37.
  5612 | D        | Noticed an orb of fire
  5612 | D        | Noticed an orb of fire
  5614 | D        | Noticed an orb of fire
  5615 | D        | Gained mutation: Your spells are a little easier to cast,
                  | but a little less powerful. [an orb of fire]
  5630 | D        | Killed an orb of fire
  5630 | D        | Reached skill level 10 in Conjurations
  5633 | D        | Gained mutation: You do not regenerate when monsters are
                  | visible. [an orb of fire]
  5636 | D        | HP: 112/291 [orb of fire/fireball (21)]
  5637 | D        | Noticed an orb of fire
  5637 | D        | Noticed an orb of fire
  5639 | D        | Killed an orb of fire
  5642 | D        | Killed an orb of fire
  5645 | D        | HP: 87/291 [fire giant/fireball (4)]
  5650 | D        | Killed an orb of fire
  5650 | D        | Reached skill level 15 in Conjurations
  5650 | D        | HP: 77/291 [orb of fire/fireball (10)]
  5659 | D        | HP: 98/291 [orb of fire/fireball (8)]
  5661 | D        | Lost mutation: You are clumsy. (Dex -2) [an orb of fire]
  5671 | D        | HP: 76/291 [orb of fire/fireball (5)]
  5674 | D        | Killed an orb of fire
  5676 | D        | Reached skill level 27 in Evocations
  5676 | D        | Reached skill level 1 in Stealth
  5676 | D        | HP: 48/291 [hellion/damnation (28)]
  5677 | D        | Noticed an orb of fire
  5683 | D        | Arena points: 257040 (+25160) [x40]
  5693 | D        | Round 38.
  5695 | D        | Reached skill level 10 in Stealth
  5709 | D        | Noticed Gurom the pandemonium lord
  5709 | D        | Paralysed by a floating eye for 2 turns
  5716 | D        | HP: 89/291 [disintegration (27)]
  5717 | D        | Killed Gurom the pandemonium lord
  5770 | D        | HP: 105/291 [??? (25)]
  5776 | D        | HP: 80/291 [soul eater/drain life (5)]
  5784 | D        | Lost mutation: You are somewhat resistant to further
                  | mutation. [potion of mutation]
  5784 | D        | Lost mutation: One of your tentacles bears a spike. [potion
                  | of mutation]
  5784 | D        | Lost mutation: You have supernaturally acute eyesight.
                  | (SInv) [potion of mutation]
  5784 | D        | Lost mutation: Your magical capacity is low. (-10% MP)
                  | [potion of mutation]
  5784 | D        | Gained mutation: Your mind is acute. (Int +2) [potion of
                  | mutation]
  5785 | D        | Lost mutation: Your mind is acute. (Int +2) [potion of
                  | mutation]
  5785 | D        | Lost mutation: Your spells are a little easier to cast, but
                  | a little less powerful. [potion of mutation]
  5785 | D        | Gained mutation: Your muscles are strong. (Str +2) [potion
                  | of mutation]
  5785 | D        | Gained mutation: One of your tentacles bears a spike.
                  | [potion of mutation]
  5786 | D        | Lost mutation: One of your tentacles bears a spike. [potion
                  | of mutation]
  5786 | D        | Lost mutation: You do not regenerate when monsters are
                  | visible. [potion of mutation]
  5786 | D        | Lost mutation: Your muscles are strong. (Str +2) [potion of
                  | mutation]
  5786 | D        | Gained mutation: You possess an exceptional clarity of
                  | mind. [potion of mutation]
  5786 | D        | Gained mutation: Your muscles are strong. (Str +2) [potion
                  | of mutation]
  5786 | D        | Gained mutation: Scrolls take you a little longer to read.
                  | [potion of mutation]
  5786 | D        | Gained mutation: Your natural rate of healing is unusually
                  | fast. [potion of mutation]
  5797 | D        | Paralysed by a floating eye for 4 turns
  5817 | D        | Arena points: 295990 (+38950) [x41]
  5832 | D        | Noticed Cogosur the pandemonium lord
  5850 | D        | Killed Cogosur the pandemonium lord
  5850 | D        | Round 39.
  5871 | D        | Noticed Khufu
  5891 | D        | Killed Khufu
  5891 | D        | Arena points: 327853 (+31863) [x43]
  5891 | D        | Reached skill level 27 in Stealth
  5892 | D        | Got a golden rune of Zot
  6048 | D        | Round 40.
  6100 | D        | Arena points: 348973 (+21120) [x44]
  6110 | D        | Round 41.
  6137 | D        | Reached skill level 27 in Earth Magic
  6233 | D        | Arena points: 387718 (+38745) [x45]
  6258 | D        | Noticed Wuamuzit the pandemonium lord
  6276 | D        | Round 42.
  6278 | D        | Noticed Rafeemec the pandemonium lord
  6280 | D        | Noticed Master Blaster
  6284 | D        | Noticed Lofasucy the pandemonium lord
  6288 | D        | Noticed Dielen the pandemonium lord
  6292 | D        | Killed Wuamuzit the pandemonium lord
  6296 | D        | Killed Master Blaster
  6296 | D        | Arena points: 427198 (+39480) [x47]
  6296 | D        | Reached skill level 27 in Necromancy
  6296 | D        | Reached skill level 27 in Transmutations
  6296 | D        | Reached skill level 27 in Translocations
  6296 | D        | Reached skill level 15 in Air Magic
  6297 | D        | Got a demonic rune of Zot
  6298 | D        | Reached skill level 27 in Shields
  6309 | D        | Escaped with the Orb!

Skill      XL: |  1  2  3  4  5  6  7  8  9 10 11 12 13 14 15 16 17 18 19 20 21 22 23 24 25 26 27 |
---------------+----------------------------------------------------------------------------------+-----
Evocations     | 3 4 5 10 27 | 27.0
Unarmed Combat | 4 5 6 7 8 9 11 12 13 14 16 17 18 20 22 26 27 | 27.0
Transmutations | 3 5 7 8 9 10 11 12 27 | 27.0
Fighting       | 2 4 5 7 8 9 10 11 12 13 14 18 22 26 27 | 27.0
Dodging        | 3 4 5 7 8 10 11 12 14 24 27 | 27.0
Spellcasting   | 3 4 5 6 8 9 10 27 | 27.0
Earth Magic    | 9 10 11 12 27 | 27.0
Shields        | 18 20 24 25 27 | 27.0
Translocations | 4 10 27 | 27.0
Summonings     | 13 | 13.2
Necromancy     | 27 | 27.0
Charms         | 15 | 15.6
Air Magic      | 16 | 16.9
Conjurations   | 15 | 15.2
Stealth        | 27 | 27.0

Action                   |  1- 3 |  4- 6 |  7- 9 | 10-12 | 13-15 | 16-18 | 19-21 | 22-24 | 25-27 || total
-------------------------+-------+-------+-------+-------+-------+-------+-------+-------+-------++-------
Melee: Unarmed           |     5 |    16 |    28 |    22 |    40 |    21 |    16 |   233 |   903 ||  1284
       Constrict         |     1 |       |     7 |     1 |     4 |     6 |     7 |    34 |    95 ||   155
       Kick              |     1 |       |       |     5 |     8 |     8 |     7 |   109 |   330 ||   468
       Tentacles         |       |     1 |     5 |     6 |     4 |     4 |     5 |    55 |   239 ||   319
       Punch             |       |       |     7 |       |     5 |     4 |     1 |    39 |   206 ||   262
 Cast: Beastly Appendage |     1 |       |       |       |       |       |       |       |       ||     1
       Spider Form       |     1 |     3 |       |       |     2 |       |       |       |       ||     6
       Blade Hands       |       |       |     2 |       |     1 |       |       |       |       ||     3
       Statue Form       |       |       |       |     3 |     2 |     2 |     1 |    17 |    33 ||    58
       Lesser Beckoning  |       |       |       |       |       |       |       |     4 |    72 ||    76
       Shatter           |       |       |       |       |       |       |       |       |    16 ||    16
       Infestation       |       |       |       |       |       |       |       |       |     6 ||     6
       Lehudib's Crystal |       |       |       |       |       |       |       |       |     5 ||     5
       Aura of Abjuratio |       |       |       |       |       |       |       |       |     5 ||     5
       Necromutation     |       |       |       |       |       |       |       |       |     3 ||     3
       Deflect Missiles  |       |       |       |       |       |       |       |       |     1 ||     1
Invok: Potion Petition   |       |       |       |       |       |       |       |       |     8 ||     8
       Bribe Branch      |       |       |       |       |       |       |       |       |     1 ||     1
 Abil: Evoke Invisibilit |       |     1 |     2 |       |       |       |       |     1 |     7 ||    11
       End Transformatio |       |       |       |     1 |     3 |       |       |     1 |       ||     5
       Evoke Berserk Rag |       |       |       |     1 |       |       |       |       |       ||     1
Evoke: Wand              |     2 |     3 |     3 |       |       |       |       |     1 |     2 ||    11
       Lightning rod     |       |       |       |       |       |       |       |       |     3 ||     3
       Quad damage       |       |       |       |       |       |       |       |       |     1 ||     1
  Use: Scroll            |       |       |     1 |     1 |     1 |       |       |     5 |    11 ||    19
       Potion            |       |       |     2 |     3 |     3 |     3 |     3 |    12 |    48 ||    74
 Stab: Invisible         |       |     1 |     3 |       |       |       |       |    13 |     8 ||    25
       Distracted        |       |       |     1 |       |     2 |       |       |     5 |    17 ||    25
  Eat: Ration            |       |       |     1 |     1 |       |       |       |     4 |     6 ||    12
Armor: Skin              |       |       |     3 |     4 |    10 |     3 |     5 |    34 |    86 ||   145
Dodge: Dodged            |     2 |     6 |    15 |    14 |    74 |    39 |    27 |   175 |   550 ||   902
       Deflected         |       |       |       |       |       |       |       |       |    13 ||    13
Block: Other             |       |       |     3 |       |       |       |       |       |       ||     3
       Buckler           |       |       |       |       |       |       |       |    26 |       ||    26
       Large shield      |       |       |       |       |       |       |       |   138 |   830 ||   968
